Match 32774617
Unlisted

Match 32774617
End
Selects Armored Battlegroup
Selects Assault Engineers
Assault Engineer Squad
Assault Engineer Squad
Assault Engineer Squad
Construct Weapon Support Center
M1919 Machine Gun Team
M1919 Machine Gun Team
Bazooka Squad
Air Support Center
Selects Strength in Steel
Selects Fast Deploy
Bazooka Squad
Construct Tank Depot
Grasshopper Recon Run
Selects M8 Scott SPG
P-47 Strafing Run
M4A1 Sherman Medium Tank
Grasshopper Recon Run
Selects M31 Recovery Vehicle
Selects UNKNOWN (2160077)
M8 Scott SPG
Grasshopper Recon Run
marcmorn
RockReborn
el campo
MaXiS
0
0

Comments sign in to comment!

No comments posted yet!